 Dungeon Crawl Stone Soup version 0.27-a0-906-g0a00ce863d (webtiles) character file.

Game seed: 18220141070498825160

2674 wakim the Martial Artist (level 9, 0/53 HPs)
             Began as an Octopode Transmuter on Apr 6, 2021.
             Was an Initiate of Gozag.
             Slain by Duvessa
             ... wielding a +1 short sword of speed
              (22 damage)
             ... on level 7 of the Dungeon.
             The game lasted 00:23:37 (8499 turns).

wakim the Martial Artist (Octopode Transmuter)      Turns: 8499, Time: 00:23:37

Health: 0/53       AC:  6    Str: 16    XL:     9   Next: 63%
Magic:  11/12      EV: 21    Int: 18    God:    Gozag
Gold:   370        SH:  5    Dex: 17    Spells: 3/12 levels left

rFire    + . .     SeeInvis .     - Unarmed
rCold    . . .     Faith    .   (shield currently unavailable)
rNeg     . . .     Spirit   .   (helmet currently unavailable)
rPois    x         Reflect  +   d - amulet of reflection
rElec    .         Harm     .   c - +6 ring of strength
rCorr    .         Rampage  .   f - ring of protection from fire
Will     .....                  i - +4 ring of protection
Stlth    ++........             (no ring)
HPRegen  0.17/turn              (no ring)
MPRegen  0.13/turn              (no ring)
                                (no ring)
                                (no ring)

@: spider-form (expiring), gold aura
A: venomous fangs, almost no armour, (amphibious), 8 rings, tiny, (camouflage
1), (gelatinous body 1), (nimble swimmer 1), (tentacles)
a: End Transformation, Renounce Religion, Potion Petition, Call Merchant, Bribe
Branch


You were on level 7 of the Dungeon.
You worshipped Gozag.
Gozag was aware of your devotion.
You were a venomous arachnid creature.
You visited 2 branches of the dungeon, and saw 8 of its levels.
You also visited: Sewer.

You collected 429 gold pieces.
You paid 59 gold pieces to Gozag.

Inventory:

Missiles
 g - 36 poisoned darts (quivered)
 j - a throwing net
Armour
 b - a +1 kite shield
Jewellery
 c - a +6 ring of strength (left front leg)
 d - an amulet of reflection (around neck)
 f - a ring of protection from fire (right front leg)
 i - a +4 ring of protection (on tentacle)
Wands
 v - a wand of flame (20)
 y - a wand of paralysis (17)
Scrolls
 a - 2 scrolls of enchant weapon
 R - a scroll of magic mapping
 X - 2 scrolls of fog
Potions
 e - a potion of experience {unknown}
 h - a potion of invisibility {unknown}
 k - a potion of degeneration {unknown}
 l - a potion of magic {unknown}
 B - 2 potions of attraction
 D - 3 potions of brilliance
 F - 7 potions of curing
 G - 4 potions of flight
 H - a potion of haste
 J - 5 potions of heal wounds
 N - 4 potions of might
 O - a potion of resistance


   Skills:
 - Level 1.0 Fighting
 + Level 4.5 Dodging
 - Level 3.0 Stealth
 * Level 5.8 Shields
 + Level 9.3 Unarmed Combat
 - Level 2.0 Spellcasting
 - Level 5.0 Transmutations
 - Level 3.0 Poison Magic


You had 3 spell levels left.
You knew the following spells:

 Your Spells              Type           Power      Damage    Failure   Level
a - Beastly Appendage     Tmut           38%        N/A       9%          1
b - Hydra Form            Tmut           9%         N/A       75%         5
x - Spider Form           Tmut/Pois      8%         N/A       26%         3

Your spell library contained the following spells:

 Spells                   Type           Power      Damage    Failure   Level
 Wereblood                Tmut           19%        N/A       12%         2
 Magic Dart               Conj           4%         1d3       38%         1
 Blink                    Tloc           N/A        N/A       47%         2
 Call Imp                 Summ           1%         N/A       47%         2
 Slow                     Hex            1%         N/A       47%         2
 Mephitic Cloud           Conj/Pois/Air  5%         N/A       56%         3
 Conjure Flame            Conj/Fire      1%         6-21      69%         3
 Ice Form                 Ice/Tmut       10%        N/A       75%         4


Dungeon Overview and Level Annotations

Branches:
Dungeon (7/15)             Temple (1/1) D:5           Sewer (visited)

Altars:
Ashenzari
Cheibriados
Dithmenos
Elyvilon
Fedhas
Gozag
Hepliaklqana
Kikubaaqudgha
Makhleb
Nemelex Xobeh
Okawaru
Qazlal
Ru
Sif Muna
Trog
Uskayaw
Vehumet
Wu Jian
Xom
Yredelemnul
Zin
The Shining One

Annotations:
D:3 Purgy, Sigmund
D:7 Duvessa


Innate Abilities, Weirdness & Mutations

You are a venomous arachnid creature.
You have poisonous fangs.
You are tiny and dextrous.
Your spellcasting is less reliable in this form.
Your armour is entirely melded.
You are incapable of wielding weapons or throwing items.
You cannot wear most types of armour.
((You are amphibious.))
You can wear up to eight rings at the same time.
((Your skin changes colour to match your surroundings (Stealth+).))
((Your rubbery body absorbs attacks. (AC +1, EV +1)))
((You are camouflaged near water. (Stealth+)))
((You have tentacles for arms and can constrict up to eight enemies at once.))


Message History

Duvessa hits you with a +1 short sword of speed.
Dowan casts a spell.
Dowan blinks!
You bite Dowan!
Dowan is poisoned.
Dowan is heavily wounded.
Duvessa misses you. You block Dowan's attack.
You hit Dowan.
Dowan looks as sick as possible!
Dowan is severely wounded.
You kill Dowan!
Duvessa screams in rage.
Duvessa goes berserk!
Duvessa misses you.
You hit Duvessa.
Duvessa looks as sick as possible!
Duvessa is heavily wounded.
Duvessa completely misses you. Duvessa closely misses you.
You hit Duvessa but do no damage.
Duvessa is heavily wounded.
Duvessa hits you with a +1 short sword of speed.
Duvessa misses you.
You hit Duvessa.
Duvessa looks as sick as possible!
Duvessa is heavily wounded.
Duvessa barely misses you. Duvessa hits you but does no damage.
You hit Duvessa but do no damage.
Duvessa is heavily wounded.
Duvessa closely misses you.
You hit Duvessa but do no damage.
Duvessa looks as sick as possible!
Duvessa is heavily wounded.
Your transformation is almost over.
Duvessa hits you with a +1 short sword of speed!
* * * LOW HITPOINT WARNING * * *
Duvessa closely misses you.
You bite Duvessa!
Duvessa looks as sick as possible!
Duvessa is severely wounded.
Duvessa completely misses you.
Duvessa hits you with a +1 short sword of speed.
* * * LOW HITPOINT WARNING * * *
Duvessa completely misses you.
There is an open door here.
Duvessa hits you with a +1 short sword of speed!!
You die...
Your body crumbles into a pile of gold.

#....#........>.
#....#........##
#####...............
#................######
#.#........#<........##
#.#....#....$.######.##
#.#....'.#...## #..#.#.
######.#....#$#...####..#...
+...(......se.....).........
######.#....#.#.#.####..####
........................
###........#....###......
#........#....# #.#####
#........#....# #......
#........#....# ######.
########........#....# #.
................#....# #.


You could see Duvessa (berserk, extremely poisoned).

Vanquished Creatures
  Grinder (D:3)
  4 orc warriors
  A sky beast (D:6)
  An ogre (D:7)
  A centaur (D:7)
  A phantom (D:7)
  A kobold brigand (Sewer)
  2 bullfrogs
  A scorpion (D:4)
  2 elf skeletons (D:4)
  A water moccasin skeleton (D:5)
  Dowan (D:7)
  9 wights (D:5)
  3 howler monkeys
  A bullfrog zombie (D:5)
  4 hounds
  2 jellies
  A human zombie (D:4)
  A bullfrog skeleton (D:4)
  A gnoll shaman (D:7)
  A centaur skeleton (D:5)
  2 iguanas
  Jessica (D:3)
  2 orc wizards (D:7)
  A human skeleton (D:4)
  A hound skeleton (D:5)
  3 gnolls (D:3)
  2 howler monkey skeletons
  5 river rats (Sewer)
  8 adders
  2 shadow imps (D:6)
  2 ufetubi
  5 worms
  2 dart slugs
  12 orcs
  3 endoplasms (D:1)
  5 giant cockroaches
  9 goblins
  5 hobgoblins
  2 jackals (D:1)
  6 quokkas
  9 ball pythons
  4 bats
  3 frilled lizards
  23 kobolds
  2 orc skeletons (D:4)
  25 rats
184 creatures vanquished.

Notes
Turn   | Place    | Note
-------+----------+-------------------------------------------
     0 | D:1      | wakim the Octopode Transmuter began the quest for the Orb.
     0 | D:1      | Reached XP level 1. HP: 13/13 MP: 3/3
   225 | D:1      | Reached skill level 1 in Stealth
   250 | D:1      | Reached XP level 2. HP: 18/18 MP: 3/5
   710 | D:1      | Found a faded altar of an unknown god.
   980 | D:2      | Reached XP level 3. HP: 22/23 MP: 4/6
  1312 | D:2      | Reached skill level 4 in Unarmed Combat
  1468 | D:2      | Found a basalt altar of Yredelemnul.
  1851 | D:2      | Learned a level 3 spell: Spider Form
  2083 | D:3      | Reached XP level 4. HP: 28/28 MP: 5/7
  2146 | D:3      | Noticed Jessica
  2344 | D:3      | Killed Jessica
  2357 | D:3      | Reached skill level 5 in Unarmed Combat
  2421 | D:3      | Noticed Sigmund
  2661 | D:3      | Noticed Grinder
  2667 | D:3      | Killed Grinder
  2668 | D:3      | Reached XP level 5. HP: 33/33 MP: 6/8
  2668 | D:3      | Reached XP level 6. HP: 38/38 MP: 6/9
  2728 | D:3      | Noticed Purgy
  3157 | D:4      | Found a glowing drain.
  3193 | Sewer    | Entered a sewer
  4017 | Sewer    | Reached XP level 7. HP: 43/43 MP: 3/10
  4178 | Sewer    | Reached skill level 6 in Unarmed Combat
  4696 | D:4      | Found an ornate altar of the Wu Jian Council.
  4822 | D:4      | Reached skill level 5 in Transmutations
  5012 | D:4      | Reached skill level 7 in Unarmed Combat
  5012 | D:4      | Reached XP level 8. HP: 36/48 MP: 8/11
  5309 | D:5      | Entered Level 5 of the Dungeon
  5526 | D:5      | Reached skill level 8 in Unarmed Combat
  5895 | D:5      | Reached skill level 1 in Shields
  6278 | D:5      | Found a staircase to the Ecumenical Temple.
  6412 | Temple   | Entered the Ecumenical Temple
  6493 | Temple   | Became a worshipper of Gozag Ym Sagoz the Greedy
  6865 | D:6      | Reached XP level 9. HP: 53/53 MP: 8/12
  7634 | D:7      | Noticed Duvessa
  7634 | D:7      | Noticed Dowan
  7656 | D:6      | Reached skill level 9 in Unarmed Combat
  8048 | D:7      | Reached skill level 5 in Shields
  8371 | D:6      | Learned a level 5 spell: Hydra Form
  8491 | D:7      | Killed Dowan
  8499 | D:7      | Slain by Duvessa

Illustrated notes

Levels and vault maps discovered:
D:1:      eino_arrival_cavern_e, layout_loops_ring, basic_ecumenical_altar,
          kennysheep_nondescript
D:2:      layout_basic, basic_altar, mrwooster_statue_mirror
D:3:      minmay_chambers_of_threes, layout_loops_ring, grunt_decor_fettered,
          minmay_snake_closets, uniq_grinder, uniq_purgy, uniq_sigmund,
          uniq_jessica
D:4:      layout_rooms, lemuel_round_altar, nicolae_ossuary_entry_catacombs,
          cheibrodos_sewer_entry_bend, minivault_1, hex_medium
D:5:      layout_basic, minmay_temple_entry_junction
D:6:      layout_rooms
D:7:      layout_basic, serial_shops, nicolae_shop_waterfront, shop,
          minmay_joined_circles, uniq_duvessa
Temple:   kilobyte_greek_temple

Skill      XL: |  1  2  3  4  5  6  7  8  9 |
---------------+----------------------------+-----
Stealth        | 1 2 3 |  3.0
Unarmed Combat | 4 5 7 8 9 |  9.3
Transmutations | 3 5 |  5.0
Poison Magic   | 2 3 |  3.0
Shields        | 3 5 |  5.8
Dodging        | 3 4 |  4.5
Fighting       | |  1.0
Spellcasting   | |  2.0

Action                   |  1- 3 |  4- 6 |  7- 9 || total
-------------------------+-------+-------+-------++-------
Melee: Unarmed           |    72 |   113 |   265 ||   450
       Constrict         |    20 |    14 |    28 ||    62
       Kick              |    20 |     8 |    23 ||    51
       Tentacles         |    14 |    11 |    35 ||    60
       Punch             |     4 |     1 |     7 ||    12
Throw: Dart              |     1 |       |     8 ||     9
 Cast: Beastly Appendage |    23 |     8 |    16 ||    47
       Spider Form       |       |    10 |    17 ||    27
Evoke: Wand              |       |     1 |       ||     1
  Use: Scroll            |     6 |     2 |    14 ||    22
       Potion            |       |     1 |       ||     1
 Stab: Sleeping          |     6 |     2 |     7 ||    15
       Paralysed         |       |     3 |       ||     3
Armor: Skin              |     5 |    21 |    30 ||    56
Dodge: Dodged            |    38 |    68 |   140 ||   246
Block: Other             |       |       |    40 ||    40

Table legend: (Time is in decaauts)
 A = Elapsed time spent in this place.
 B = Non-inter-level travel time spent in this place.
 C = Inter-level travel time spent in this place.
 D = Time resting spent in this place.
 E = Time spent auto-exploring this place.
 F = Levels seen in this place.
 G = Mean time per level.
                   A        B        C        D        E       F      G
               +--------+--------+--------+--------+--------+-----+--------+
         Total |   8446 |   8189 |    257 |    931 |   5714 |   9 |  938.4 |
       Dungeon |   7020 |   6799 |    221 |    522 |   4968 |   7 | 1002.9 |
        Temple |    218 |    182 |     36 |      0 |    177 |   1 |  218.0 |
         Sewer |   1207 |   1207 |      0 |    409 |    569 |   1 | 1207.0 |
               +--------+--------+--------+--------+--------+-----+--------+

Top non-repeatable levels by time:
     D:5: 1522 daAuts
     D:3: 1233 daAuts
   Sewer: 1207 daAuts
     D:1: 963 daAuts
     D:4: 956 daAuts
     D:2: 923 daAuts
     D:6: 715 daAuts
     D:7: 706 daAuts
  Temple: 218 daAuts
